 Dungeon Crawl Stone Soup version 0.31-a0-152-g6aa68a64a1 (webtiles) character file.

Game seed: 13931405720104527115

689 qw the Chopper (level 7, -10/44 HPs)
             Began as a Gargoyle Fighter on June 10, 2023.
             Was an Initiate of Okawaru.
             Mangled by an ogre
             ... wielding a +0 giant spiked club
              (21 damage)
             ... on level 4 of the Dungeon.
             The game lasted 00:01:52 (3550 turns).

qw the Chopper (Gargoyle Fighter)                   Turns: 3550, Time: 00:01:53

Health: -10/44     AC: 15    Str: 22    XL:     7   Next: 63%
Magic:  7/7        EV:  8    Int:  8    God:    Okawaru [......]
Gold:   152        SH:  4    Dex:  9    Spells: 6/6 levels left

rFire   . . .        Y - +3 war axe
rCold   . . .        c - +0 buckler
rNeg    + . .        k - +0 chain mail
rPois   inf          m - +0 helmet
rElec   +            (no cloak)
rCorr   .            (no gloves)
SInv    .            (no boots)
Will    .....        (no amulet) Stlth
                     (no ring)
HPRegen 0.27/turn    (no ring)
MPRegen 0.10/turn

%: no passive effects
@: about to teleport
A: sickness immunity, AC +4, negative energy resistance 1, electricity
resistance, torment resistance 1, petrification resistance
a: Renounce Religion


You were on level 4 of the Dungeon.
You worshipped Okawaru.
Okawaru was noncommittal.
You visited 2 branches of the dungeon, and saw 5 of its levels.

You collected 152 gold pieces.


Innate Abilities, Weirdness & Mutations

You are immune to sickness and miasma.
Your stone body is resilient. (AC +4)
You are immune to poison.
You resist negative energy. (rN+)
You are resistant to electric shocks. (rElec)
You are resistant to unholy torment.
You are immune to petrification.


   Skills:
 - Level 4.5 Fighting
 - Level 7.0 Axes
 + Level 0.0 Throwing
 - Level 3.2 Armour
 - Level 1.0 Dodging
 - Level 3.2 Shields


You had 6 spell levels left.
You didn't know any spells.
Your spell library was empty.

Inventory:

Hand Weapons
 l - a +0 flail of protection
 Y - a +3 war axe (weapon)
Missiles
 n - 5 boomerangs of dispersal
Armour
 c - a +0 buckler (worn)
 g - the +3 leather armour of Hadjma {rElec rF+ rC+ Slay-4}
   (You found it on level 2 of the Dungeon)

   Slay:      It affects your accuracy & damage with ranged weapons and melee
   (-4).
   rF:        It protects you from fire.
   rC:        It protects you from cold.
   rElec:     It insulates you from electricity.
 k - a +0 chain mail (worn)
 m - a +0 helmet (worn)
Jewellery
 f - a ring of fire
Scrolls
 a - a scroll of identify
Potions
 d - a potion of might
 h - 4 potions of curing
 i - a potion of magic
 j - a potion of cancellation

Dungeon Overview and Level Annotations

Branches:
Dungeon (4/15)             Temple (1/1) D:4

Altars:
Ashenzari
Dithmenos
Elyvilon
Fedhas
Gozag
Hepliaklqana
Kikubaaqudgha
Nemelex Xobeh
Okawaru
Sif Muna
Trog
Uskayaw
Vehumet
Wu Jian
Xom
Zin
The Shining One

Shops:
D:3 =


Message History

3515 ||| PLANNING D:1-11 Press < or > to pray at altars.
Press < or > to pray at altars.
Press < or > to pray at altars.
Press < or > to pray at altars.
Press < or > to pray at altars.
Partly explored, can't reach some places.
Partly explored, can't reach some places.
(D) Dungeon (T) Temple
Where to? (* - list waypoints, Enter - Temple @ (x,y), ? - help)
What level of the Dungeon? (default 4, ? - help)
There is a staircase back to the Dungeon here.
You climb upwards.
Welcome back to the Dungeon!
There is a staircase to the Ecumenical Temple here.
Enter note:
Enter note: A goblin comes into view. It is wielding a +0 club.
The goblin shouts!
A worm comes into view.
Enter note:
Enter note:
3540 ||| Stepping ~*~*~tactically~*~*~ (stealth).
3542 ||| Stepping ~*~*~tactically~*~*~ (stealth).
The ogre shouts!
You barely miss the goblin. The goblin barely misses you.
You hit the goblin.
The goblin is severely wounded.
The goblin hits you but does no damage.
You slash the goblin!
You kill the goblin!
Okawaru accepts your kill.
You closely miss the ogre.
The ogre hits you with a +0 giant spiked club!!
Ouch! That really hurt!
3550 ||| READING scroll of teleportation.
As you read the scroll of teleportation, it crumbles to dust.
You feel strangely unstable.
The ogre hits you with a +0 giant spiked club!!
You die...

..............#......
..............#......
..#...........#...... .
..#...........#..... ..
..#................. ...
..#......###...# ....
..#..h...# #.}.# .....
..##.....###...###w.....
..##............@O.[..#
####......}..>..}.....#
######.............#
####...###....# #.}[#
##### #...# #####


You could see an ogre and a worm.

Vanquished Creatures
  Sigmund (D:2)
  2 ogres (D:4)
  A howler monkey (D:4)
  A hound (D:3)
  An orc priest (D:3)
  A jelly (D:4)
  Jessica (D:2)
  Natasha (thrice) (D:3)
  Robin (D:2)
  2 adders (D:2)
  5 dart slugs
  13 orcs
  3 endoplasms (D:1)
  A giant cockroach (D:1)
  16 goblins
  6 hobgoblins
  6 jackals
  5 quokkas
  5 ball pythons
  4 bats
  4 frilled lizards
  A kobold (D:1)
  8 rats
91 creatures vanquished.

Notes
Turn   | Place    | Note
-------+----------+-------------------------------------------
     0 | D:1      | qw the Gargoyle Fighter began the quest for the Orb.
     0 | D:1      | Reached XP level 1. HP: 14/14 MP: 1/1
     0 | D:1      | 0 ||| qw: Version: 0.2-a-29-g767f381
     0 | D:1      | 0 ||| qw: Game counter: 3901
     0 | D:1      | 0 ||| qw: Always use a shield: true
     0 | D:1      | 0 ||| qw: God list: Okawaru
     0 | D:1      | 0 ||| qw: Allow faded altars: false
     0 | D:1      | 0 ||| qw: Do Orc after D:15 true
     0 | D:1      | 0 ||| qw: Do second Lair branch before Depths: true
     0 | D:1      | 0 ||| qw: Lair rune preference: random
     0 | D:1      | 0 ||| qw: Plans: Normal, Zot:1-4, Slime:5, God:TSO, Crypt,
                  | Tomb, Abyss, Pan, Hells, Win
     0 | D:1      | 0 ||| PLANNING D:1-11
    45 | D:1      | Reached skill level 2 in Axes
    88 | D:1      | Reached XP level 2. HP: 19/19 MP: 2/2
    90 | D:1      | 90 ||| Stepping ~*~*~tactically~*~*~ (stealth).
    92 | D:1      | 92 ||| Stepping ~*~*~tactically~*~*~ (stealth).
   465 | D:1      | Reached skill level 3 in Axes
   756 | D:1      | 756 ||| DROPPING ring of wizardry.
   757 | D:1      | 757 ||| READING 4 scrolls labelled QIUXZI IRUKHI.
   758 | D:1      | 758 ||| READING scroll labelled TOULAMPIMI.
   759 | D:1      | 759 ||| READING 3 scrolls of identify.
   759 | D:1      | 759 ||| IDENTIFYING white potion
   760 | D:1      | 760 ||| READING 2 scrolls of identify.
   760 | D:1      | 760 ||| IDENTIFYING fuming coppery potion
   815 | D:2      | Reached XP level 3. HP: 23/23 MP: 3/3
   892 | D:2      | 892 ||| Stepping ~*~*~tactically~*~*~ (hiding).
   893 | D:2      | 893 ||| Stepping ~*~*~tactically~*~*~ (hiding).
   910 | D:2      | Identified the +3 leather armour of Hadjma {rElec rF+ rC+
                  | Slay-4}
   947 | D:2      | Noticed Jessica
   952 | D:2      | Killed Jessica
   953 | D:2      | Reached XP level 4. HP: 28/28 MP: 4/4
   974 | D:2      | 974 ||| FLEEEEING.
   975 | D:2      | 975 ||| FLEEEEING.
   976 | D:2      | 976 ||| FLEEEEING.
   986 | D:2      | 986 ||| Stepping ~*~*~tactically~*~*~ (hiding).
   987 | D:2      | 987 ||| Stepping ~*~*~tactically~*~*~ (hiding).
   988 | D:2      | 988 ||| Stepping ~*~*~tactically~*~*~ (hiding).
   989 | D:2      | 989 ||| Stepping ~*~*~tactically~*~*~ (hiding).
  1131 | D:2      | 1131 ||| Stepping ~*~*~tactically~*~*~ (stealth).
  1134 | D:2      | 1134 ||| Stepping ~*~*~tactically~*~*~ (stealth).
  1139 | D:2      | Reached skill level 4 in Axes
  1140 | D:2      | Noticed Robin
  1141 | D:2      | 1141 ||| Stepping ~*~*~tactically~*~*~ (hiding).
  1143 | D:2      | 1143 ||| Stepping ~*~*~tactically~*~*~ (hiding).
  1144 | D:2      | 1144 ||| Stepping ~*~*~tactically~*~*~ (hiding).
  1150 | D:2      | Killed Robin
  1175 | D:2      | 1175 ||| DROPPING +0 club.
  1438 | D:2      | 1438 ||| Stepping ~*~*~tactically~*~*~ (hiding).
  1456 | D:2      | Noticed Sigmund
  1474 | D:2      | Killed Sigmund
  1475 | D:2      | Reached skill level 5 in Axes
  1475 | D:2      | Reached XP level 5. HP: 19/32 MP: 5/5
  1475 | D:2      | Reached XP level 6. HP: 22/37 MP: 6/6
  1771 | D:2      | 1771 ||| UPGRADING to +0 helmet.
  1776 | D:2      | 1776 ||| READING 3 scrolls labelled QORALY GAMA.
  1779 | D:2      | 1779 ||| READING scroll labelled CETUDO IMUDANI.
  1780 | D:2      | 1780 ||| READING scroll labelled MIOSON OGHE.
  1781 | D:2      | 1781 ||| READING scroll labelled PUNKUHUKLEG.
  1782 | D:2      | 1782 ||| READING 2 scrolls of identify.
  1782 | D:2      | 1782 ||| IDENTIFYING fuming puce potion
  1783 | D:2      | 1783 ||| DROPPING potion of brilliance.
  1932 | D:3      | Noticed Natasha
  1933 | D:3      | 1933 ||| Stepping ~*~*~tactically~*~*~ (hiding).
  1939 | D:3      | Killed Natasha
  2049 | D:3      | 2049 ||| FLEEEEING.
  2050 | D:3      | 2050 ||| FLEEEEING.
  2051 | D:3      | 2051 ||| FLEEEEING.
  2052 | D:3      | 2052 ||| FLEEEEING.
  2053 | D:3      | 2053 ||| FLEEEEING.
  2054 | D:3      | 2054 ||| FLEEEEING.
  2055 | D:3      | 2055 ||| FLEEEEING.
  2056 | D:3      | 2056 ||| FLEEEEING.
  2057 | D:3      | 2057 ||| FLEEEEING.
  2058 | D:3      | 2058 ||| FLEEEEING.
  2059 | D:3      | 2059 ||| FLEEEEING.
  2060 | D:3      | 2060 ||| FLEEEEING.
  2061 | D:3      | 2061 ||| FLEEEEING.
  2062 | D:3      | 2062 ||| FLEEEEING.
  2063 | D:3      | 2063 ||| FLEEEEING.
  2064 | D:3      | 2064 ||| FLEEEEING.
  2069 | D:3      | 2069 ||| FLEEEEING.
  2070 | D:3      | 2070 ||| FLEEEEING.
  2071 | D:3      | 2071 ||| FLEEEEING.
  2082 | D:3      | 2082 ||| FLEEEEING.
  2083 | D:3      | 2083 ||| FLEEEEING.
  2084 | D:3      | 2084 ||| FLEEEEING.
  2085 | D:3      | 2085 ||| FLEEEEING.
  2086 | D:3      | 2086 ||| FLEEEEING.
  2087 | D:3      | 2087 ||| FLEEEEING.
  2088 | D:3      | 2088 ||| FLEEEEING.
  2089 | D:3      | 2089 ||| FLEEEEING.
  2090 | D:3      | 2090 ||| FLEEEEING.
  2091 | D:3      | 2091 ||| FLEEEEING.
  2092 | D:3      | 2092 ||| FLEEEEING.
  2093 | D:3      | 2093 ||| FLEEEEING.
  2094 | D:3      | 2094 ||| FLEEEEING.
  2095 | D:3      | 2095 ||| FLEEEEING.
  2096 | D:3      | 2096 ||| FLEEEEING.
  2097 | D:3      | 2097 ||| FLEEEEING.
  2098 | D:3      | 2098 ||| FLEEEEING.
  2099 | D:3      | 2099 ||| FLEEEEING.
  2100 | D:3      | 2100 ||| FLEEEEING.
  2101 | D:3      | 2101 ||| FLEEEEING.
  2102 | D:3      | 2102 ||| FLEEEEING.
  2103 | D:3      | 2103 ||| FLEEEEING.
  2104 | D:3      | 2104 ||| FLEEEEING.
  2105 | D:3      | 2105 ||| FLEEEEING.
  2106 | D:3      | 2106 ||| FLEEEEING.
  2107 | D:3      | 2107 ||| FLEEEEING.
  2108 | D:3      | 2108 ||| FLEEEEING.
  2192 | D:3      | 2192 ||| Stepping ~*~*~tactically~*~*~ (stealth).
  2200 | D:3      | 2200 ||| Stepping ~*~*~tactically~*~*~ (stealth).
  2207 | D:3      | Found Vockiol's Jewellery Emporium.
  2213 | D:3      | 2213 ||| DROPPING +0 mace.
  2220 | D:3      | 2220 ||| SHOPLISTING +5 ring of evasion (396 gold, have
                  | 126).
  2220 | D:3      | 2220 ||| SHOPLISTING amulet of the acrobat (330 gold, have
                  | 126).
  2220 | D:3      | 2220 ||| SHOPLISTING ring "Jahiz" {rPois rCorr Str+4 Int+2
                  | Stlth-} (466 gold, have 126).
  2220 | D:3      | 2220 ||| SHOPLISTING ring of Deiruxeh {rF+ MP+9} (374 gold,
                  | have 126).
  2220 | D:3      | 2220 ||| SHOPLISTING ring of ice (275 gold, have 126).
  2220 | D:3      | 2220 ||| SHOPLISTING ring of positive energy (220 gold,
                  | have 126).
  2222 | D:3      | 2222 ||| READING scroll of enchant weapon.
  2222 | D:3      | 2222 ||| ENCHANTING +1 war axe.
  2232 | D:3      | Noticed Natasha
  2233 | D:3      | 2233 ||| Stepping ~*~*~tactically~*~*~ (stealth).
  2235 | D:3      | 2235 ||| Stepping ~*~*~tactically~*~*~ (stealth).
  2238 | D:3      | 2238 ||| Stepping ~*~*~tactically~*~*~ (hiding).
  2244 | D:3      | Killed Natasha
  2249 | D:3      | Reached skill level 1 in Dodging
  2260 | D:3      | 2260 ||| Stepping ~*~*~tactically~*~*~ (stealth).
  2282 | D:3      | Noticed Natasha
  2283 | D:3      | 2283 ||| Stepping ~*~*~tactically~*~*~ (hiding).
  2287 | D:3      | Killed Natasha
  2298 | D:3      | Reached skill level 6 in Axes
  2300 | D:3      | Reached XP level 7. HP: 28/43 MP: 7/7
  2359 | D:3      | 2359 ||| DROPPING +0 flail.
  2602 | D:3      | 2602 ||| READING scroll of enchant weapon.
  2602 | D:3      | 2602 ||| ENCHANTING +2 war axe.
  2611 | D:3      | 2611 ||| UPGRADING to +0 chain mail.
  2621 | D:3      | 2621 ||| DROPPING +0 scale mail.
  2622 | D:3      | 2622 ||| READING scroll labelled FEAGEICAWE.
  2623 | D:3      | 2623 ||| READING 2 scrolls of identify.
  2623 | D:3      | 2623 ||| IDENTIFYING emerald potion
  2677 | D:4      | 2677 ||| Stepping ~*~*~tactically~*~*~ (stealth).
  2689 | D:4      | HP: 7/43 [ogre/+0 giant club (6)]
  2690 | D:4      | 2690 ||| READING 4 scrolls of teleportation.
  2693 | D:4      | Reached skill level 7 in Axes
  2693 | D:4      | 2693 ||| READING 3 scrolls of teleportation.
  2694 | D:4      | HP: 7/43 [orc/+0 trident (1)]
  2702 | D:4      | 2702 ||| READING 2 scrolls of teleportation.
  2705 | D:4      | HP: 2/43 [ogre/+0 giant spiked club (8)]
  2900 | D:4      | 2900 ||| Stepping ~*~*~tactically~*~*~ (stealth).
  2964 | D:4      | Found a shadowy altar of Dithmenos.
  2997 | D:4      | Found a staircase to the Ecumenical Temple.
  2999 | D:4      | 2999 ||| PLANNING TEMPLE
  2999 | D:4      | 2999 ||| READING scroll labelled IBOPHI GENKIS.
  3004 | D:4      | 3004 ||| Stepping ~*~*~tactically~*~*~ (stealth).
  3006 | D:4      | 3006 ||| Stepping ~*~*~tactically~*~*~ (stealth).
  3009 | D:4      | 3009 ||| Stepping ~*~*~tactically~*~*~ (stealth).
  3010 | D:4      | 3010 ||| Stepping ~*~*~tactically~*~*~ (stealth).
  3012 | D:4      | 3012 ||| Stepping ~*~*~tactically~*~*~ (stealth).
  3014 | D:4      | 3014 ||| Stepping ~*~*~tactically~*~*~ (stealth).
  3034 | Temple   | Entered the Ecumenical Temple
  3035 | Temple   | 3035 ||| PLANNING OKAWARU WORSHIP
  3515 | Temple   | Became a worshipper of Warmaster Okawaru
  3515 | Temple   | 3515 ||| PLANNING D:1-11
  3540 | D:4      | 3540 ||| Stepping ~*~*~tactically~*~*~ (stealth).
  3542 | D:4      | 3542 ||| Stepping ~*~*~tactically~*~*~ (stealth).
  3549 | D:4      | HP: 11/44 [ogre/+0 giant spiked club (33)]
  3550 | D:4      | 3550 ||| READING scroll of teleportation.
  3550 | D:4      | Mangled by an ogre

Levels and vault maps discovered:
D:1:      dpeg_arrival_erosion, layout_basic
D:2:      layout_loops_ring, uniq_sigmund, uniq_jessica, uniq_robin
D:3:      layout_basic, serial_shops, nicolae_shop_competitors_out_of_business,
          uniq_natasha
D:4:      layout_basic, kennysheep_mini, mainiacjoe_overflow_alcove_4,
          minmay_temple_entry_junction, kennysheep_boxes
Temple:   compressed_dpeg_triangle_lava_temple

Skill      XL: |  1  2  3  4  5  6  7 |
---------------+----------------------+-----
Axes           | 2 3 5 6 7 |  7.0
Fighting       | 4 |  4.5
Dodging        | 1 |  1.0
Armour         | |  3.2
Shields        | |  3.2

Action                     |  1- 3 |  4- 6 |  7- 9 || total
---------------------------+-------+-------+-------++-------
  Melee: War axe           |    37 |   129 |    41 ||   207
    Use: Scroll            |     4 |     6 |     8 ||    18
 Armour: Scale mail        |     8 |    59 |       ||    67
         Chain mail        |       |       |    20 ||    20
  Dodge: Dodged            |     6 |    63 |    16 ||    85
  Block: Buckler           |     1 |    25 |     4 ||    30

Table legend:
 A = Non-vault XP
 B = Vault XP
 C = Vault XP percentage of total XP
 D = Non-vault monster count
 E = Vault monster count
 F = Vault count percentage of total count
                 A         B        C        D         E       F
            +---------+---------+-------+---------+---------+-------
      Total |     657 |     328 |  33.3 |      76 |      15 |  16.5
            +---------+---------+-------+---------+---------+-------
        D:1 |      30 |       0 |   0.0 |      17 |       0 |   0.0
        D:2 |      68 |     296 |  81.3 |      23 |      14 |  37.8
        D:3 |     193 |      32 |  14.2 |      22 |       1 |   4.3
        D:4 |     366 |       0 |   0.0 |      14 |       0 |   0.0
            +---------+---------+-------+---------+---------+-------
